AoeStats
← Hicox

Arena

509519027Analyzed
4v4 RM · 6d ago on Sep 27, 2026· 11m 47s· 8 players
Game mode
Random Map
Map size
Large (8 player)
Population
200
Speed
Normal
Resources
Standard
Victory
Conquest
Starting age
Dark Age
Ending age
Imperial Age
RankedLock teamsTeams togetherTeam positionsShared explorationLock speedFull tech treeHidden civsTurbo modeCheats
Victory
Defeat
🇧🇷 Cumans · Brazil
1193
+12
1077
+17
🇺🇸 Saracens · United States
1074
+17
🇦🇷 Bengalis · Argentina
1044
+18
🇨🇴 Ethiopians · Colombia
1115
-17
🇨🇴 Khmer · Colombia
1114
-17
🇫🇷 Goths · France
1102
-16
🇨🇳 Franks · China
1041
-14
h1kerb0i
10:48 Feudal Age
JOÃOZINHO/DO ARÁBIA
7:49 Loom
10:01 Feudal Age
12:36 Bloodlines
PaidoJoaozinho
1:32 Loom
11:00 Feudal Age
11:30 Man-at-Arms
Hicox
11:31 Feudal Age
LArcadia49
SG7
3:18 Loom
10:14 Feudal Age
10:04 Loom
14:13 Castle Age
12:00 Loom
TEFI*
11:22 Feudal Age
76561199122638748
12:31 Feudal Age
Connection lost

Rejoining the realm…

Still unreachable

The connection could not be restored.

Session expired

The server has moved on; the page needs a fresh start.